 Dungeon Crawl Stone Soup version 0.31.0-10-gcf4a605ca0 (webtiles) character file.

Game seed: 6711095369214142676

560 Flugkiller the Ruffian (level 7, -3/67 HPs)
             Began as a Troll Enchanter on Jan 25, 2024.
             Slain by Edmund
             ... wielding a +0 flail of protection
              (8 damage)
             ... on level 4 of the Dungeon.
             The game lasted 00:02:29 (2943 turns).

Flugkiller the Ruffian (Troll Enchanter)            Turns: 2943, Time: 00:02:30

Health: -3/67      AC:  4    Str: 19    XL:     7   Next: 9%
Magic:  7/7        EV:  9    Int: 11    God:
Gold:   245        SH:  0    Dex: 10    Spells: 8/8 levels left

rFire   . .          .
                       - Unarmed
rCold   . . .        (no shield)
rNeg    . . .        b - +0 robe
rPois   .            (helmet restricted)
rElec   .            (no cloak)
rCorr   .            (gloves unavailable)
SInv    .            (boots unavailable)
Will    .....        (no amulet)
Stlth   ++           c - ring of flight
HPRegen 1.11/turn    (no ring)
MPRegen 0.10/turn

%: no passive effects
@: flying
A: large, unfitting armour, claws 3, regeneration 1, shaggy fur 1, tough skin 1
a: no special abilities


You were on level 4 of the Dungeon.
You visited 1 branch of the dungeon, and saw 4 of its levels.

You collected 245 gold pieces.

Inventory:

Missiles
 a - 4 poisoned darts (quivered)
Armour
 b - a +0 robe (worn)
Jewellery
 c - a ring of flight (left claw)
   (You found it on level 2 of the Dungeon)
Wands
 d - a wand of polymorph (7)
   (You found it on level 4 of the Dungeon)


   Skills:
 + Level 3.4 Fighting
 - Level 0.7 Short Blades
 - Level 1.5 Dodging
 - Level 1.5 Stealth
 * Level 6.0 Unarmed Combat
 - Level 1.2 Spellcasting
 - Level 2.0 Hexes


You had 8 spell levels left.
You didn't know any spells.
Your spell library contained the following spells:

 Spells                   Type           Power      Damage    Failure   Level
 Ensorcelled Hibernation  Hex/Ice        4%         N/A       32%         2
 Confusing Touch          Hex            5%         N/A       38%         3
 Tukima's Dance           Hex            5%         N/A       38%         3
 Dazzling Flash           Conj/Hex       4%         N/A       54%         3
 Inner Flame              Hex/Fire       2%         N/A       54%         3
 Fugue of the Fallen      Necr           0%         N/A       67%         3
 Gell's Gravitas          Tloc           0%         N/A       67%         3
 Teleport Other           Tloc           0%         N/A       67%         3
 Anguish                  Hex/Necr       1%         N/A       91%         4
 Flame Wave               Conj/Fire      0%         2d4       97%         4
 Sticky Flame             Fire/Alch      0%         2d4       97%         4
 Dispersal                Tloc           0%         N/A       100%        6


Dungeon Overview and Level Annotations

Branches:
Dungeon (4/15) Zot: 21075
 Temple: D:4-7

Altars:
Elyvilon

Annotations:
D:1 1 transporter
D:4 Edmund, Sigmund


Innate Abilities, Weirdness & Mutations

You are too large for most types of armour.
You have claws for hands.
Your natural rate of healing is unusually fast.
You are covered in fur. (AC +1)
You have tough skin. (AC +1)


Message History

An orc is nearby!
An orc is nearby!
Unknown command.
You drop the +4 rapier of Heruhit {freeze, rElec rN+}.
The orc shouts!
Unknown command.
You closely miss the orc. The orc closely misses you.
You claw the orc!
You kill the orc!
No target in view!
You now have 233 gold pieces (gained 22).
Things that are here:
a +0 short sword; a +0 leather armour No target in view!
No target in view!
You now have 245 gold pieces (gained 12).
Found a sedimented emerald potion.
You see here a sedimented emerald potion.
Found a scythe.
Found a leather armour.
No target in view!
No target in view!
Sigmund the Dreaded comes into view.
He is wielding a +1 vampiric scythe.
Sigmund is nearby!
Sigmund is nearby!
Unknown command.
Press: ? - help, . - travel You can't see that place. [the floor.] Placed new exclusion.
Reduced exclusion size to a single square.
Removed exclusion.
Placed new exclusion.
Edmund the Younger comes into view.
He is wielding a +0 flail of protection and wearing a +2 ring mail of cold resistance.
Edmund is nearby!
Unknown command.
Edmund is nearby!
What are your orders? t - Shout!
Orders for allies: a - Attack new target. r - Retreat! s - Stop attacking. g - Guard the area. f - Follow me.
Anything else - Cancel.
You shout for attention!
Edmund shouts!
You hear a shout!
Sigmund gestures at you while chanting.
You are confused.
You bump into the rock wall.
You bump into the rock wall.
You're too confused to move!
You bump into the rock wall.
Edmund says, "What use are spells, anyway?"
You're too confused to move!
You bump into the rock wall.
You feel less confused. Edmund attacks as he pursues you!
Edmund hits you with a +0 flail of protection.
You scratch Edmund. You claw Edmund!
Edmund is heavily wounded.
Sigmund gestures wildly while chanting.
Sigmund flickers and vanishes!
Deactivating autopickup; reactivate with Ctrl-A.
Edmund barely misses you.
You claw Edmund!
Edmund is severely wounded.
Something hits you.
Edmund hits you with a +0 flail of protection.
You barely miss Edmund.
Edmund is severely wounded.
Edmund hits you with a +0 flail of protection!
You scratch Edmund but do no damage.
Edmund is severely wounded.
Something hits you.
You scratch Edmund but do no damage.
Edmund is severely wounded.
Edmund says, "You wouldn't believe how much I paid for this flail."
Edmund hits you with a +0 flail of protection!
You claw Edmund! Your claw misses Edmund.
Edmund is severely wounded.
Something hits you.
Edmund hits you with a +0 flail of protection.
You are too injured to fight recklessly!
You are too injured to fight recklessly!
You are too injured to fight recklessly!
You scratch Edmund but do no damage. Your claw misses Edmund.
Edmund is severely wounded.
Edmund hits you with a +0 flail of protection!
Something hits you!
You claw Edmund!
Edmund is almost dead.
Edmund closely misses you.
You closely miss Edmund.
Edmund is almost dead.
Something hits you!
* * * LOW HITPOINT WARNING * * *
Edmund hits you with a +0 flail of protection!
* * * LOW HITPOINT WARNING * * *
You closely miss Edmund.
Edmund is almost dead.
Edmund hits you with a +0 flail of protection!
You die...
Edmund says, "I'd like to see a scythe do that!"

.....>..#..#.....##.#
........#..#@....##.#
........#.....@#.##.#
........#..##..#.##.#
#.......#..#)..#.##.#
#.......##.##..#.##.#
#.......#.. ##.#{##.#
##......#.. .@#@##.#
#.......#####..#@##.#
#........PPP#..#.##.#
..........P.####.##.#
#................##.#
#................#..#
#..........#####...##
##........## #####
..#......##
..#.######


You could see Edmund.

Vanquished Creatures
  2 ogres (D:4)
  2 orc priests (D:4)
  A gnoll bouda (D:3)
  Terence (D:2)
  An orc wizard (D:4)
  Robin (D:4)
  4 adders
  7 gnolls
  2 ribbon worms
  3 dart slugs
  12 orcs
  11 ball pythons
  8 endoplasms
  5 giant cockroaches
  15 goblins
  13 hobgoblins
  12 jackals
  3 quokkas
  8 bats
  4 frilled lizards
  8 kobolds
  4 rats (D:3)
127 creatures vanquished.

Notes
Turn   | Place    | Note
-------+----------+-------------------------------------------
     0 | D:1      | Flugkiller the Troll Enchanter began the quest for the Orb.
     0 | D:1      | Reached XP level 1. HP: 16/16 MP: 1/1
    83 | D:1      | Reached skill level 1 in Unarmed Combat
   148 | D:1      | Reached XP level 2. HP: 26/26 MP: 2/2
   315 | D:1      | Reached skill level 1 in Fighting
   412 | D:1      | Reached skill level 2 in Unarmed Combat
   485 | D:1      | Reached XP level 3. HP: 32/33 MP: 3/3
  1019 | D:2      | Reached XP level 4. HP: 41/41 MP: 4/4
  1094 | D:2      | Reached skill level 3 in Unarmed Combat
  1280 | D:2      | Noticed Terence
  1286 | D:2      | Killed Terence
  1472 | D:2      | Reached XP level 5. HP: 33/49 MP: 5/5
  1525 | D:2      | Reached skill level 4 in Unarmed Combat
  1719 | D:3      | Found a white marble altar of Elyvilon.
  2032 | D:3      | Reached XP level 6. HP: 47/59 MP: 6/6
  2245 | D:4      | Reached skill level 5 in Unarmed Combat
  2315 | D:4      | Noticed Robin
  2370 | D:4      | Killed Robin
  2610 | D:4      | Reached XP level 7. HP: 60/67 MP: 7/7
  2705 | D:4      | Reached skill level 6 in Unarmed Combat
  2743 | D:4      | Identified the +4 rapier of Heruhit {freeze, rElec rN+}
  2903 | D:4      | Noticed Sigmund
  2918 | D:4      | Noticed Edmund
  2943 | D:4      | Slain by Edmund

Illustrated notes

Levels and vault maps discovered:
D:1:      spicycebolla_arrival_risky_transporter, layout_basic
D:2:      layout_loops_cross, guppyfry_early_orc_mine, uniq_terence
D:3:      layout_loops_ring, elyvilon_altar_3, hangedman_decor_points
D:4:      cheibrodos_pilgrimage, layout_rooms, jmf_multi_god_temple2,
          palyth_stone_intersect, sigmund_edmund_badplayer, uniq_robin

Skill      XL: |  1  2  3  4  5  6  7 |
---------------+----------------------+-----
Unarmed Combat | 1 2 3 4 5 6 |  6.0
Fighting       | 1 2 3 |  3.4
Short Blades   | |  0.7
Dodging        | |  1.5
Stealth        | |  1.5
Spellcasting   | |  1.2
Hexes          | |  2.0

Action                     |  1- 3 |  4- 6 |  7- 9 || total
---------------------------+-------+-------+-------++-------
  Melee: Dagger            |    13 |       |       ||    13
         Unarmed           |    97 |   174 |    25 ||   296
         Punch             |     2 |     3 |     2 ||     7
   Stab: Sleeping          |     3 |     6 |       ||     9
 Armour: Robe              |    73 |   121 |    23 ||   217
  Dodge: Dodged            |    55 |    79 |    16 ||   150
